 Dungeon Sprint DCSS version 0.31-a0-1278-g11c5b68f87 (webtiles) character file.

Game seed: 9402780484211712282

35 bmb222 the Sneak (level 3, -3/42 HPs)
             Began as a Demonspawn Brigand on Dec 17, 2023.
             Succumbed to a scorpion's poison
             ... in the Dungeon (Sprint IV: "Fedhas' Mad Dash").
             The game lasted 00:00:31 (156 turns).

bmb222 the Sneak (Demonspawn Brigand)                Turns: 156, Time: 00:00:31

Health: -3/42      AC:  3    Str: 11    XL:     3   Next: 16%
Magic:  3/3        EV: 12    Int: 11    God:
Gold:   0          SH:  0    Dex: 16    Spells: 2/2 levels left

rFire   . . .        a - +2 dagger
rCold   . . .        (no shield)
rNeg    . . .        b - +0 robe
rPois   .            (helmet restricted)
rElec   .            c - +0 cloak
rCorr   .            (no gloves)
SInv    .            (no boots)
Will    .....        (no amulet) Stlth
                     (no ring)
HPRegen 0.27/turn    (no ring)
MPRegen 0.08/turn

%: no teleportation
@: berserking, lethally poisoned (-3 -> -27), very quick
A: antennae 1, powered by pain 1
a: no special abilities


You were in the Dungeon.
You visited 1 branch

Inventory:

Hand Weapons
 a - a +2 dagger (weapon)
Missiles
 d - 9 poisoned darts (quivered)
 e - 3 curare-tipped darts
Armour
 b - a +0 robe (worn)
 c - a +0 cloak (worn)
Scrolls
 g - a scroll of identify {unknown}
 k - a scroll of blinking
Potions
 h - a potion of haste
 i - 2 potions of magic


   Skills:
 + Level 2.6 Fighting
 + Level 2.3 Short Blades
 + Level 2.3 Throwing
 + Level 1.1 Dodging
 * Level 6.6 Stealth


You had 2 spell levels left.
You didn't know any spells.
Your spell library was empty.

Dungeon Overview and Level Annotations

Branches:
Dungeon (1/1)

Altars:


Innate Abilities, Weirdness & Mutations

You have a pair of small antennae on your head.
You sometimes gain a little power by taking damage.


Message History

You hit the scorpion but do no damage.
The scorpion is heavily wounded.
The scorpion closely misses you.
You hit the scorpion but do no damage.
The scorpion is heavily wounded.
The scorpion stings you. The scorpion barely misses you.
You hit the scorpion.
The scorpion is heavily wounded.
The scorpion stings you but does no damage.
You closely miss the scorpion.
The scorpion is heavily wounded.
The scorpion stings you.
You are poisoned.
The scorpion poisons you!
You hit the scorpion.
The scorpion is severely wounded.
You feel sick. The scorpion closely misses you.
You hit the scorpion but do no damage.
The scorpion is severely wounded.
You feel sick. The scorpion stings you.
* * * LOW HITPOINT WARNING * * *
You are lethally poisoned!
The scorpion poisons you!
You closely miss the scorpion.
The scorpion is severely wounded.
* * * LOW HITPOINT WARNING * * *
You feel very sick. The scorpion closely misses you.
Unknown command.
A red film seems to cover your vision as you go berserk!
You feel yourself moving faster!
You feel mighty!
* * * LOW HITPOINT WARNING * * *
You feel very sick. The scorpion stings you.
* * * LOW HITPOINT WARNING * * *
You are more poisoned.
The scorpion poisons you!
You puncture the scorpion!
You kill the scorpion!
You die...

##################
#<..P#.....#.$$$$#
#PP..†.....'.#@:.+
#PPPP#.....#.#"..#
###############+##


There were no monsters in sight!

Vanquished Creatures
  A scorpion (D)
  An oklob sapling (D)
  A river rat (D)
  A rat (D)
4 creatures vanquished.

Notes
Turn   | Place    | Note
-------+----------+-------------------------------------------
     0 | D        | bmb222 the Demonspawn Brigand began the quest for the Orb.
     0 | D        | Reached XP level 1. HP: 16/16 MP: 1/1
    20 | D        | Reached skill level 1 in Dodging
    20 | D        | Reached skill level 5 in Stealth
    20 | D        | Gained mutation: You have a pair of small antennae on your
                  | head. [demonic ancestry]
    20 | D        | Reached XP level 2. HP: 23/23 MP: 2/2
    28 | D        | Noticed an oklob sapling
    29 | D        | Killed an oklob sapling
    30 | D        | Reached skill level 6 in Stealth
    30 | D        | Gained mutation: You sometimes gain a little power by
                  | taking damage. [demonic ancestry]
    30 | D        | Reached XP level 3. HP: 28/28 MP: 3/3
   131 | D        | Noticed a scorpion
   131 | D        | Found the amulet of invisibility {+Inv}
   155 | D        | HP: 1/42 [scorpion (4)]
   156 | D        | Killed a scorpion
   156 | D        | Succumbed to a scorpion's poison

Illustrated notes

Levels and vault maps discovered:
D:        dungeon_sprint_fedhas [sprint_temple]

Skill      XL: |  1  2 |
---------------+-------+-----
Short Blades   | 2 |  2.3
Throwing       | 2 |  2.3
Dodging        | 1 |  1.1
Stealth        | 5 6 |  6.6
Fighting       | |  2.6

Action                     || total
---------------------------++-------
  Melee: Dagger            ||    32
    Use: Potion            ||     3
   Stab: Sleeping          ||     1
 Armour: Robe              ||    21
  Dodge: Dodged            ||    18

Table legend: (Time is in decaauts)
 A = Elapsed time spent in this place.
 B = Non-inter-level travel time spent in this place.
 C = Inter-level travel time spent in this place.
 D = Time resting spent in this place.
 E = Time spent auto-exploring this place.
 F = Levels seen in this place.
 G = Mean time per level.
                   A        B        C        D        E       F      G
               +--------+--------+--------+--------+--------+-----+--------+
         Total |    153 |    153 |      0 |    100 |      2 |   1 |  153.0 |
       Dungeon |    153 |    153 |      0 |    100 |      2 |   1 |  153.0 |
               +--------+--------+--------+--------+--------+-----+--------+

Top non-repeatable levels by time:
       D: 153 daAuts
